 Dungeon Crawl Stone Soup version 0.29.1-1-gd02db6906a (webtiles) character file.

Game seed: 9052184240069536192

1374 sankara the Spear-Bearer (level 8, -3/71 (73) HPs)
             Began as a Minotaur Fighter on Oct 12, 2022.
             Was an Initiate of Yredelemnul.
             Slain by an unseen horror (6 damage)
             ... on level 5 of the Dungeon.
             The game lasted 00:08:53 (5074 turns).

sankara the Spear-Bearer (Minotaur Fighter)         Turns: 5074, Time: 00:08:54

HP:   -3/71 (73)    AC: 10    Str: 21    XL:     8   Next: 39%
MP:   16/16         EV:  9    Int:  5    God:    Yredelemnul [......]
Gold: 219           SH:  4    Dex: 12    Spells: 7/7 levels left

rFire   . . .      SeeInvis .   a - +0 trident
rCold   . . .      Faith    .   c - +0 buckler
rNeg    . . .      Spirit   .   b - +0 scale mail
rPois   .          Reflect  .   (helmet restricted)
rElec   .          Harm     .   j - +0 cloak
rCorr   .          Rampage  .   l - +0 pair of gloves
Will    .....                   (no boots)
Stlth   ..........              (no amulet)
HPRegen 0.21/turn               p - ring of magical power
MPRegen 0.15/turn               (no ring)

@: lightly drained
A: horns 2, retaliatory headbutt
a: Renounce Religion, Recall Undead Harvest


You were on level 5 of the Dungeon.
You worshipped Yredelemnul.
Yredelemnul was noncommittal.
You visited 1 branch of the dungeon, and saw 5 of its levels.

You collected 219 gold pieces.

Inventory:

Hand Weapons
 a - a +0 trident (weapon)
 x - a +1 war axe of electrocution
Missiles
 g - 12 stones (quivered)
 m - 6 curare-tipped darts
 t - 7 boomerangs
 u - 11 poisoned darts
 C - 2 datura-tipped darts
 F - 4 javelins
Armour
 b - a +0 scale mail (worn)
 c - a +0 buckler (worn)
 j - a +0 cloak (worn)
 l - a +0 pair of gloves (worn)
Jewellery
 p - a ring of magical power (left hand)
 w - a +6 ring of strength
Wands
 D - a wand of paralysis (11)
 E - a wand of roots (18)
Scrolls
 e - 8 scrolls of identify {unknown}
 h - 3 scrolls of fear {unknown}
 n - a scroll of immolation {unknown}
 o - a scroll of amnesia {unknown}
 v - 2 scrolls of fog {unknown}
 y - 2 scrolls of enchant weapon {unknown}
 z - 2 scrolls of teleportation {unknown}
 A - a scroll of torment {unknown}
 B - a scroll of magic mapping {unknown}
Potions
 d - 2 potions of might
 f - a potion of heal wounds
 i - a potion of brilliance {unknown}
 k - a potion of attraction {unknown}
 q - 4 potions of curing {unknown}
 r - a potion of flight {unknown}
 s - 2 potions of degeneration {unknown}


   Skills:
 + Level 7.1 Fighting
 * Level 9.1 Polearms
 + Level 7.1 Armour
 - Level 3.6 Shields


You had 7 spell levels left.
You didn't know any spells.
Your spell library contained the following spells:

 Spells                   Type           Power      Damage    Failure   Level
 Necrotise                Necr           0%         1d4       86%         1
 Vampiric Draining        Necr           0%         2d6       99%         3
 Agony                    Necr           0%         N/A       100%        5


Dungeon Overview and Level Annotations

Branches:
Dungeon (5/15)
 Temple: D:4-7

Altars:
Dithmenos
Fedhas
Kikubaaqudgha
Wu Jian
Xom
Yredelemnul
Zin
The Shining One

Shops:
D:4 !

Annotations:
D:5 1 runed translucent door, Crazy Yiuf


Innate Abilities, Weirdness & Mutations

You have a pair of horns on your head.
You reflexively headbutt those who attack you in melee.


Message History

You swing at nothing.
Something hits your ogre zombie!
Your ogre zombie is destroyed!
You swing at nothing.
You swing at nothing.
Something hits you.
* * * LOW HITPOINT WARNING * * *
You swing at nothing.
Something hits you.
* * * LOW HITPOINT WARNING * * *
You swing at nothing.
Something hits you.
* * * LOW HITPOINT WARNING * * *
You hit something but do no damage. You headbutt something.
Something hits you but does no damage. x2
You swing at nothing.
Something hits you.
* * * LOW HITPOINT WARNING * * *
You closely miss something. You headbutt something!
Something hits you but does no damage.
Reach: a) +0 trident
Press: ? - help, Dir - move target You reach to attack!
You hit something. Something hits you but does no damage.
You feel much better. Something hits you but does no damage.
You block something's attack.
You miss something. Your headbutt misses something. Something hits you.
* * * LOW HITPOINT WARNING * * *
You closely miss something. You block something's attack.
Something hits you but does no damage. Something hits you.
* * * LOW HITPOINT WARNING * * *
You block something's attack.
You see here 16 gold pieces.
Something hits you but does no damage. Something hits you!
* * * LOW HITPOINT WARNING * * *
Something hits you.
* * * LOW HITPOINT WARNING * * *
Something hits you.
* * * LOW HITPOINT WARNING * * *
Something hits you but does no damage. x2; Something hits your ogre zombie.
Your ogre zombie is destroyed!
You closely miss something. Your headbutt misses something. Something hits you.
You die...
Your body rises from the dead as a mindless zombie.

.# #.......#
#......#######......
.# #.......#
#..........#........
.# #########
#..........#####....
.# ###.########
#.... ## #.# #####
#.# #.# #.# #@#
#{###### #.#....#
#......## #...._..#
##$.#.#.# ##.....#
#######


There were no monsters in sight!

Vanquished Creatures
  Grinder (D:5)
  A shadow (D:5)
  Menkaure (D:4)
  A black bear (D:5)
  3 ogres (D:5)
  A necrophage (D:5)
  2 scorpions
  A howler monkey (D:5)
  2 jellies (D:4)
  An iguana (D:5)
  Ijyb (D:5)
  8 gnolls (D:2)
  3 adders
  A white imp (D:5)
  2 dart slugs
  2 orcs
  7 endoplasms
  2 giant cockroaches
  4 goblins
  5 hobgoblins
  3 jackals (D:1)
  6 kobolds
  3 quokkas
  8 ball pythons
  8 bats
  3 frilled lizards
  4 rats
84 creatures vanquished.

Vanquished Creatures (collateral kills)
  A necrophage (D:5)
  An orc (D:5)
2 creatures vanquished.

Vanquished Creatures (others)
  A scorpion zombie (D:5)
  2 ogre zombies (D:5)
  An adder zombie (D:5)
  2 fungi (D:5)
6 creatures vanquished.

Grand Total: 92 creatures vanquished

Notes
Turn   | Place    | Note
-------+----------+-------------------------------------------
     0 | D:1      | sankara the Minotaur Fighter began the quest for the Orb.
     0 | D:1      | Reached XP level 1. HP: 19/19 MP: 0/0
   263 | D:1      | Found a faded altar of an unknown god.
   268 | D:1      | Reached skill level 3 in Polearms
   268 | D:1      | Reached XP level 2. HP: 27/27 MP: 1/1
   866 | D:2      | Found a glowing silver altar of Zin.
   932 | D:2      | Reached XP level 3. HP: 7/33 MP: 2/2
   933 | D:2      | HP: 1/33 [gnoll/+0 spear (5)]
  1412 | D:2      | Reached skill level 4 in Polearms
  1415 | D:2      | Reached XP level 4. HP: 31/41 MP: 3/3
  2758 | D:4      | Noticed a scorpion
  2771 | D:4      | Killed a scorpion
  2772 | D:4      | Reached skill level 5 in Polearms
  2772 | D:4      | Reached XP level 5. HP: 18/47 MP: 4/4
  3053 | D:4      | Found an ancient bone altar of Kikubaaqudgha.
  3143 | D:4      | Reached skill level 5 in Armour
  3194 | D:4      | Reached skill level 5 in Fighting
  3275 | D:4      | Found an ornate altar of the Wu Jian Council.
  3361 | D:4      | Reached XP level 6. HP: 55/56 MP: 5/5
  3385 | D:4      | Noticed Menkaure
  3391 | D:4      | Killed Menkaure
  3392 | D:4      | Reached skill level 6 in Polearms
  3447 | D:4      | Found Esunieky's Distillery.
  3711 | D:5      | Entered Level 5 of the Dungeon
  3933 | D:5      | Reached skill level 7 in Polearms
  3933 | D:5      | Reached XP level 7. HP: 52/62 MP: 6/6
  4031 | D:5      | Found a basalt altar of Yredelemnul.
  4031 | D:5      | Noticed a shadow
  4037 | D:5      | Noticed Ijyb
  4041 | D:5      | Killed a shadow
  4045 | D:5      | Killed Ijyb
  4052 | D:5      | Became a worshipper of Yredelemnul the Dark
  4299 | D:5      | Reached * piety under Yredelemnul
  4299 | D:5      | Reached skill level 8 in Polearms
  4378 | D:5      | Found a blossoming altar of Fedhas.
  4383 | D:5      | Reached XP level 8. HP: 71/71 MP: 7/7
  4386 | D:5      | Identified the +1 robe "Zokliux" {Str+2}
  4433 | D:5      | Reached ** piety under Yredelemnul
  4451 | D:5      | Found a shadowy altar of Dithmenos.
  4475 | D:5      | Found a glowing silver altar of Zin.
  4475 | D:5      | Noticed an angel
  4520 | D:5      | Noticed Grinder
  4531 | D:5      | Killed Grinder
  4560 | D:5      | Reached skill level 9 in Polearms
  4690 | D:5      | Found a shimmering altar of Xom.
  4906 | D:5      | Found a runed translucent door.
  4907 | D:5      | Noticed Crazy Yiuf
  4951 | D:5      | Found a glowing golden altar of the Shining One.
  5029 | D:5      | Found a glowing golden altar of the Shining One.
  5059 | D:5      | HP: 3/71 [something (6)]
  5072 | D:5      | HP: 3/71 [something (2)]
  5074 | D:5      | Slain by an unseen horror

Illustrated notes

Levels and vault maps discovered:
D:1:      nzn_arrival_crosshair, layout_loops_corners,
          hellmonk_ecumenical_altar_dog_temple
D:2:      layout_basic, basic_altar, supply_closet_lemuel, minivault_27
D:3:      layout_loops_ring, minmay_cut_off
D:4:      layout_basic, nicolae_kikubaaqudgha_miasma_corner,
          pdpol_wu_jian_five_deadly_venoms, serial_shops,
          nicolae_lakefront_shop, item_on_display_a, uniq_menkaure
D:5:      layout_basic, lemuel_crystal_altar, kennysheep_little_box,
          mainiacjoe_overflow_surrounded_room, zin_angel,
          mainiacjoe_overflow_24_doors, hangedman_feature_mirror, uniq_ijyb,
          uniq_grinder, uniq_crazy_yiuf_cottage

Skill      XL: |  1  2  3  4  5  6  7  8 |
---------------+-------------------------+-----
Polearms       | 3 4 5 7 8 9 |  9.1
Fighting       | 4 5 6 7 |  7.1
Armour         | 4 5 6 7 |  7.1
Shields        | |  3.6

Action                   |  1- 3 |  4- 6 |  7- 9 || total
-------------------------+-------+-------+-------++-------
Melee: Trident           |    66 |   144 |    77 ||   287
       Headbutt          |     3 |    25 |    22 ||    50
  Use: Potion            |       |     1 |     1 ||     2
Armor: Scale mail        |    32 |    46 |    26 ||   104
Dodge: Dodged            |    20 |    47 |    16 ||    83
Block: Buckler           |    11 |    21 |    11 ||    43
